[Event "Titled Tuesday Blitz July 4 Early 2023"]
[White "Durarbayli, Vasif"]
[Black "Koziorowicz, Michal"]
[WhiteFideId "13402935"]
[BlackFideId "21809194"]
[WhiteElo "2918"]
[BlackElo "2700"]
[Result "1-0"]
[Round "7"]
[TimeControl "180+2"]
[Date "2023.07.04"]
[WhiteClock "0:00:11"]
[BlackClock "0:00:05"]
[Board "14"]

1. e4 c5 2. Nf3 d6 3. d4 cxd4 4. Nxd4 Nf6 5. Nc3 g6 6. Be3 Bg7 7. f3 O-O 8. Qd2 Nc6 9. Bc4 Bd7 10. g4 Ne5 11. Be2 Rc8 12. O-O-O Nc4 13. Bxc4 Rxc4 14. Kb1 a6 15. h4 h5 16. gxh5 Nxh5 17. Nde2 Be6 18. Bh6 Qb6 19. Bxg7 Kxg7 20. f4 Bg4 21. Nd5 Qc5 22. Rhg1 f5 23. exf5 gxf5 24. b3 Re4 25. Nec3 Re6 26. Rde1 Rxe1+ 27. Rxe1 Kf7 28. Rxe7+ Kg8 29. Qe1 Ng7 30. h5 Bxh5 31. Rxb7 Qd4 32. Kb2 Bg4 33. Qh4 Nh5 34. Qg5+ Qg7 35. Rxg7+ 1-0


[Site "https://www.chess.com"]

[Event "Titled Tuesday Blitz July 4 Early 2023"]
[White "Nguyen, Ngoc Truong Son"]
[Black "benny_aizenberg"]
[WhiteFideId "12401110"]
[WhiteElo "2914"]
[BlackElo "2657"]
[Result "0-1"]
[Round "7"]
[TimeControl "180+2"]
[Date "2023.07.04"]
[WhiteClock "0:00:16"]
[BlackClock "0:00:38"]
[Board "15"]

1. e4 c5 2. Nf3 d6 3. Nc3 Nf6 4. d4 cxd4 5. Nxd4 Nc6 6. Bg5 e6 7. Qd2 a6 8. O-O-O Bd7 9. f4 Be7 10. Nf3 b5 11. Bd3 Qb6 12. Kb1 b4 13. Ne2 a5 14. e5 dxe5 15. fxe5 Nd5 16. Be4 O-O-O 17. Bxd5 exd5 18. Bxe7 Nxe7 19. Ned4 Kb7 20. Ng5 Rdf8 21. Rhf1 f6 22. exf6 Rxf6 23. Rxf6 gxf6 24. Ngf3 Ng6 25. Re1 Re8 26. Rxe8 Bxe8 27. Qe3 Bd7 28. b3 Qd6 29. g3 Ne5 30. Kb2 a4 31. bxa4 Nc4+ 0-1


[Site "https://www.chess.com"]

[Event "Titled Tuesday Blitz July 4 Early 2023"]
[White "MKlose11"]
[Black "Grandelius, Nils"]
[BlackFideId "1710400"]
[WhiteElo "2632"]
[BlackElo "2910"]
[Result "1-0"]
[Round "7"]
[TimeControl "180+2"]
[Date "2023.07.04"]
[WhiteClock "0:00:19"]
[BlackClock "0:00:14"]
[Board "16"]

1. e4 c6 2. Nc3 d5 3. g3 dxe4 4. Nxe4 Nf6 5. Bg2 Nxe4 6. Bxe4 g6 7. Ne2 Bg7 8. d4 O-O 9. O-O Nd7 10. Bg2 Nb6 11. c3 a5 12. a3 Be6 13. Nf4 Bc4 14. Re1 e5 15. dxe5 Qxd1 16. Rxd1 Bxe5 17. Be3 Na4 18. Rd2 Rfd8 19. Rad1 Bf6 20. Rxd8+ Rxd8 21. Rxd8+ Bxd8 22. Bc1 Bg5 23. Be4 Bxf4 24. gxf4 Nc5 25. Bc2 f5 26. b4 axb4 27. axb4 Nd7 28. Be3 Kf7 29. f3 Nf6 30. Kf2 Nd5 31. Bd2 Ke6 32. h4 Nf6 33. Be3 Kd5 34. Bd4 Nh5 35. Be5 h6 36. Bb1 Ke6 37. Bc2 b6 38. Bb1 c5 39. bxc5 bxc5 40. Bc2 Kd5 41. Ba4 g5 42. hxg5 hxg5 43. Be8 gxf4 44. Bh8 Bd3 45. Bxh5 Kc4 46. Bf7+ Kb5 47. Ke1 Ka4 48. Kd2 Bf1 49. Be5 Bg2 50. Bd5 Kb5 51. Bxf4 c4 52. Ke3 Kc5 53. Ba8 Bh1 54. Be5 Bg2 55. Bd4+ Kd6 56. Kf4 Ke6 57. Bc6 Bh3 58. Bb5 Kd5 59. Bd7 1-0


[Site "https://www.chess.com"]

[Event "Titled Tuesday Blitz July 4 Early 2023"]
[White "So, Wesley"]
[Black "Aravindh, Chithambaram VR."]
[WhiteFideId "5202213"]
[BlackFideId "5072786"]
[WhiteElo "3081"]
[BlackElo "2905"]
[Result "0-1"]
[Round "7"]
[TimeControl "180+2"]
[Date "2023.07.04"]
[WhiteClock "0:00:36"]
[BlackClock "0:00:10"]
[Board "17"]

1. e4 c6 2. d4 d5 3. e5 Bf5 4. Nd2 e6 5. Nb3 Nd7 6. Nf3 Ne7 7. Be2 Ng6 8. O-O f6 9. Re1 fxe5 10. Nxe5 Bd6 11. g4 Be4 12. f3 Qh4 13. fxe4 Ndxe5 14. Qd2 Nc4 15. Bxc4 dxc4 16. e5 Be7 17. Na5 O-O 18. Qe2 Bb4 19. Bd2 Nf4 20. Bxf4 Rxf4 21. Nxc4 Bxe1 22. Rxe1 Qxg4+ 23. Qxg4 Rxg4+ 0-1


[Site "https://www.chess.com"]

[Event "Titled Tuesday Blitz July 4 Early 2023"]
[White "Leebit02"]
[Black "Lazavik, Denis"]
[BlackFideId "13515110"]
[WhiteElo "2569"]
[BlackElo "3043"]
[Result "1/2-1/2"]
[Round "7"]
[TimeControl "180+2"]
[Date "2023.07.04"]
[WhiteClock "0:00:10"]
[BlackClock "0:00:12"]
[Board "18"]

1. d4 f5 2. Nf3 Nf6 3. Bf4 g6 4. e3 Bg7 5. Nc3 d6 6. Bb5+ c6 7. Bc4 e6 8. h4 b5 9. Bb3 a5 10. a3 h6 11. Qe2 Ba6 12. Qd2 Qe7 13. O-O-O Nbd7 14. Kb1 Rb8 15. Ne2 b4 16. axb4 axb4 17. Ng3 Ne4 18. Nxe4 fxe4 19. Ng1 Nf6 20. Ne2 Nd5 21. Bg3 O-O 22. Nf4 Nxf4 23. Bxf4 Kh7 24. f3 e5 25. dxe5 dxe5 26. Bh2 exf3 27. gxf3 Rxf3 28. Qd7 Re8 29. Qxc6 Bb7 30. Qb6 Rf6 31. Qa7 Bxh1 32. Qxe7 Rxe7 33. Rxh1 Ra6 34. c3 bxc3 35. bxc3 Rb7 36. Kc2 e4 37. Rb1 Rc7 38. Bxc7 Rc6 39. Ba5 Rf6 40. c4 Rf2+ 41. Bd2 Bf8 42. Rd1 Bc5 43. Kc3 g5 44. Re1 Kg6 45. Bc2 Kf5 46. hxg5 hxg5 47. Rg1 g4 48. Bxe4+ Kxe4 49. Rxg4+ Ke5 50. Rg5+ Kd6 51. Rd5+ Kc6 52. Kd3 Rf1 53. e4 Rf3+ 54. Ke2 Ra3 55. Rf5 Ra4 56. Kd3 Ra3+ 57. Ke2 Bd4 58. Rd5 Bc5 59. Rd3 Ra4 60. Rc3 Bd4 61. Rc2 Kc5 62. Kd3 Ra3+ 63. Bc3 Rb3 64. Kd2 Bf2 65. Be5 Bd4 66. Bxd4+ Kxd4 67. c5 Kxe4 68. c6 Rb8 69. c7 Rc8 70. Ke2 Kd5 71. Kd3 Kd6 72. Kd4 Rxc7 73. Rxc7 Kxc7 1/2-1/2


[Site "https://www.chess.com"]

[Event "Titled Tuesday Blitz July 4 Early 2023"]
[White "Tahbaz, Arash"]
[Black "Harsha Bharathakoti"]
[WhiteFideId "12528846"]
[BlackFideId "5078776"]
[WhiteElo "3029"]
[BlackElo "2860"]
[Result "0-1"]
[Round "7"]
[TimeControl "180+2"]
[Date "2023.07.04"]
[WhiteClock "0:00:00"]
[BlackClock "0:00:12"]
[Board "19"]

1. Nf3 d5 2. g3 Nd7 3. Bg2 e5 4. O-O Ngf6 5. d3 c6 6. Nbd2 Bc5 7. e4 O-O 8. b3 dxe4 9. dxe4 b5 10. Bb2 Qc7 11. a4 Bb7 12. Qe2 a6 13. Ne1 Rfe8 14. Nd3 Bd4 15. Bxd4 exd4 16. Qd1 c5 17. axb5 axb5 18. Rxa8 Bxa8 19. Re1 c4 20. bxc4 bxc4 21. Nf4 Ne5 22. Nd5 Nxd5 23. exd5 Rd8 24. Qe2 f6 25. f4 d3 26. cxd3 Nxd3 27. Qe6+ Kf8 28. Re2 c3 29. d6 Qxd6 30. Qxd6+ Rxd6 31. Bxa8 Nxf4 32. gxf4 cxd2 33. Rxd2 Rxd2 34. Be4 h6 35. Bf3 Rd4 0-1


[Site "https://www.chess.com"]

[Event "Titled Tuesday Blitz July 4 Early 2023"]
[White "Bluebaum, Matthias"]
[Black "Goltsev, Dmitry"]
[WhiteFideId "24651516"]
[BlackFideId "24176710"]
[WhiteElo "3024"]
[BlackElo "2823"]
[Result "1-0"]
[Round "7"]
[TimeControl "180+2"]
[Date "2023.07.04"]
[WhiteClock "0:00:35"]
[BlackClock "0:00:03"]
[Board "20"]

1. d4 Nf6 2. c4 e6 3. Nc3 Bb4 4. e3 b6 5. Bd3 Bb7 6. Nf3 O-O 7. Bd2 Bxc3 8. Bxc3 Ne4 9. Bxe4 Bxe4 10. d5 exd5 11. cxd5 f6 12. Qd4 Bg6 13. h4 c5 14. Qg4 Qe7 15. h5 Qe4 16. Qg3 Bf5 17. Rd1 Qg4 18. Qh2 h6 19. Nd2 Re8 20. f3 Qg5 21. e4 Bh7 22. Kf2 b5 23. Nf1 b4 24. f4 Qg4 25. Ne3 Qxd1 26. Rxd1 bxc3 27. bxc3 Bxe4 28. f5 Re5 29. g4 Na6 30. Nc4 Rxd5 31. Rxd5 Bxd5 32. Nd2 Re8 33. Qd6 Bc6 34. Nb3 Re5 35. Na5 Rd5 36. Qe7 Rd2+ 37. Ke3 Rd1 38. Qd8+ Kh7 39. Nxc6 Re1+ 40. Kf2 Rd1 41. Ne7 1-0


[Site "https://www.chess.com"]

[Event "Titled Tuesday Blitz July 4 Early 2023"]
[White "Mekhitarian, Krikor Sevag"]
[Black "Deac, Bogdan-Daniel"]
[WhiteFideId "2107660"]
[BlackFideId "1226380"]
[WhiteElo "2788"]
[BlackElo "3005"]
[Result "0-1"]
[Round "7"]
[TimeControl "180+2"]
[Date "2023.07.04"]
[WhiteClock "0:00:00"]
[BlackClock "0:00:06"]
[Board "21"]

1. Nf3 d5 2. c4 e6 3. d4 Nf6 4. cxd5 exd5 5. Nc3 c6 6. Bf4 Bf5 7. e3 Nbd7 8. h3 h6 9. g4 Be6 10. Bd3 Be7 11. Qc2 Qa5 12. O-O-O Nb6 13. Kb1 Nc4 14. Bxc4 dxc4 15. e4 Rd8 16. g5 hxg5 17. Nxg5 Bc8 18. h4 b5 19. d5 Nh5 20. Be3 b4 21. Ne2 cxd5 22. exd5 b3 23. axb3 cxb3 24. Qxb3 Bf5+ 25. Kc1 O-O 26. Nc3 Bb4 27. Bd4 Nf4 28. Rhe1 Rxd5 29. Nge4 Qa1+ 30. Kd2 Rxd4+ 31. Ke3 Ng2+ 32. Kxd4 Qa5 33. Nd5 Bxe1 34. Ne7+ Kh8 35. Nxf5 Qxf5 36. Qc4 Bxf2+ 37. Kd3 Qf3+ 38. Kc2 Ne3+ 0-1


[Site "https://www.chess.com"]

[Event "Titled Tuesday Blitz July 4 Early 2023"]
[White "Terry, Renato"]
[Black "Talibov, Shiroghlan"]
[WhiteFideId "3803457"]
[BlackFideId "13429078"]
[WhiteElo "2982"]
[BlackElo "2802"]
[Result "1-0"]
[Round "7"]
[TimeControl "180+2"]
[Date "2023.07.04"]
[WhiteClock "0:00:03"]
[BlackClock "0:00:00"]
[Board "22"]

1. d4 Nf6 2. Nf3 g6 3. Bg5 Bg7 4. c3 d5 5. Nbd2 O-O 6. e3 c5 7. dxc5 a5 8. a4 Bg4 9. Qb3 Qc7 10. Nd4 Nbd7 11. Nb5 Qxc5 12. h3 Bf5 13. Nd4 Qc7 14. Nxf5 gxf5 15. Bf4 e5 16. Bh2 Nc5 17. Qc2 f4 18. exf4 exf4 19. Be2 Rfe8 20. Nf3 Nfe4 21. O-O Rad8 22. Rad1 Re6 23. Bb5 Rg6 24. Kh1 Kh8 25. Nh4 Rg5 26. Qe2 Ne6 27. Nf3 Rg6 28. Nd2 Qe5 29. Rfe1 f5 30. Nf3 Qf6 31. Qf1 Bh6 32. Qe2 Rdg8 33. Rg1 N6g5 34. Rxd5 Nxf3 35. Qxf3 Ng5 36. Qd3 Bg7 37. Qxf5 Qe7 38. Bxf4 Ne4 39. Be3 Ng3+ 40. fxg3 Qxe3 41. Qf4 Qe7 42. Rd7 Qe6 43. Rgd1 Be5 44. Qh4 Rh6 45. Re7 Qg6 46. Qxh6 Qxh6 47. Rxe5 Rxg3 48. Re8+ Rg8 49. Re2 Qh5 50. Rf1 Qd5 51. Ref2 h6 52. Kh2 Qd6+ 53. Kh1 Qg3 54. Re2 Qh4 55. Rf3 Qg5 56. Kh2 Rg7 57. Ref2 Re7 58. Bc4 Kg7 59. Rg3 1-0


[Site "https://www.chess.com"]

[Event "Titled Tuesday Blitz July 4 Early 2023"]
[White "Khismatullin, Denis"]
[Black "Fier, Alexandr"]
[WhiteFideId "4142578"]
[BlackFideId "2107139"]
[WhiteElo "2965"]
[BlackElo "2786"]
[Result "1-0"]
[Round "7"]
[TimeControl "180+2"]
[Date "2023.07.04"]
[WhiteClock "0:00:18"]
[BlackClock "0:00:26"]
[Board "23"]

1. d4 Nf6 2. c4 c5 3. d5 e6 4. Nc3 exd5 5. cxd5 d6 6. Nf3 g6 7. h3 Bg7 8. Bf4 O-O 9. e3 Na6 10. Be2 Nc7 11. O-O Re8 12. Bh2 Ne4 13. Nxe4 Rxe4 14. Nd2 Rb4 15. b3 Bxa1 16. Qxa1 Nxd5 17. a3 Rh4 18. Bf3 Ne7 19. Ne4 Rxe4 20. Bxe4 d5 21. Rd1 Be6 22. Bf3 Nc6 23. Bf4 f6 24. Qc3 b6 25. b4 Rc8 26. bxc5 bxc5 27. Qxc5 Ne5 28. Bxd5 Bxd5 29. Qxd5+ Qxd5 30. Rxd5 Nc4 31. a4 a5 32. h4 h5 33. Kh2 Kf7 34. Rd7+ Ke6 35. Rg7 Kf5 36. f3 Re8 37. Ra7 Nxe3 38. Bxe3 Rxe3 39. Rxa5+ Kf4 40. Ra6 Kf5 41. Kg3 Ra3 42. Ra5+ Ke6 43. Kf4 Ra2 44. Kg3 Ra3 45. Ra8 Kf5 46. a5 Ke6 47. a6 Kf7 48. Kf4 Ra4+ 49. Ke3 Kg7 50. g3 Ra3+ 51. Ke4 Ra4+ 52. Kd5 Ra3 53. Kc6 Rxf3 54. Rb8 Rc3+ 55. Kb7 Rb3+ 56. Kc8 Ra3 57. Rb6 Rxg3 58. a7 Ra3 59. Kb7 Rxa7+ 60. Kxa7 g5 61. Ka6 gxh4 62. Kb5 Kg6 63. Kc4 Kg5 64. Kd3 Kg4 65. Ke2 h3 66. Kf2 f5 67. Rg6+ Kh4 68. Kf3 h2 69. Kg2 f4 70. Kxh2 f3 71. Rg7 f2 72. Kg2 f1=Q+ 73. Kxf1 Kh3 74. Kf2 h4 75. Kf3 Kh2 76. Rg4 h3 77. Rg3 1-0


[Site "https://www.chess.com"]

[Event "Titled Tuesday Blitz July 4 Early 2023"]
[White "Xiong, Jeffery"]
[Black "Gunina, Valentina"]
[WhiteFideId "2047640"]
[BlackFideId "4167570"]
[WhiteElo "2917"]
[BlackElo "2761"]
[Result "1-0"]
[Round "7"]
[TimeControl "180+2"]
[Date "2023.07.04"]
[WhiteClock "0:01:01"]
[BlackClock "0:00:14"]
[Board "24"]

1. e4 c6 2. Nf3 d5 3. d3 g6 4. e5 f6 5. d4 Bg7 6. c4 fxe5 7. Nxe5 Nd7 8. Nf3 Ngf6 9. Nc3 O-O 10. Be2 Ne4 11. O-O Ndf6 12. h3 Bf5 13. Qb3 Qb6 14. Be3 h6 15. Ne5 Kh7 16. g4 Be6 17. Qc2 Nd7 18. Nxe4 dxe4 19. Nxd7 Bxd7 20. Qxe4 Rae8 21. Bd3 Rf6 22. d5 Qc7 23. Bd4 e5 24. Be3 b6 25. Rad1 Bc8 26. Bb1 Bb7 27. g5 hxg5 28. Bxg5 Rf5 29. Qh4+ Kg8 30. Bxf5 gxf5 31. Bf6 cxd5 32. cxd5 Rf8 33. Bxg7 Qxg7+ 34. Kh2 Qh7 35. Rg1+ Kh8 36. Qg5 e4 37. d6 Bc6 38. d7 Bxd7 39. Rxd7 1-0


[Site "https://www.chess.com"]

[Event "Titled Tuesday Blitz July 4 Early 2023"]
[White "Demidov, Mikhail"]
[Black "Postny, Evgeny"]
[WhiteFideId "4197143"]
[BlackFideId "2804344"]
[WhiteElo "2890"]
[BlackElo "2740"]
[Result "1-0"]
[Round "7"]
[TimeControl "180+2"]
[Date "2023.07.04"]
[WhiteClock "0:00:13"]
[BlackClock "0:00:01"]
[Board "25"]

1. Nf3 d5 2. g3 c6 3. Bg2 Bg4 4. Ne5 Bh5 5. O-O Nd7 6. d4 Nxe5 7. dxe5 e6 8. h3 Bc5 9. Kh2 Ne7 10. f4 Bg6 11. Nd2 Nf5 12. Nb3 Ne3 13. Bxe3 Bxe3 14. Rf3 Bb6 15. a4 a5 16. Nd4 Qe7 17. c3 Be4 18. Re3 Bxg2 19. Kxg2 O-O 20. Qd3 Bxd4 21. Qxd4 c5 22. Qd2 Rfd8 23. Rd3 f5 24. exf6 Qxf6 25. Re3 d4 26. Re5 Ra6 27. c4 b6 28. Ra3 Ra7 29. Rb3 Rd6 30. Qd3 Rad7 31. Qe4 h6 32. h4 Kf7 33. Rd3 Kg8 34. Kh3 Qf7 35. Rf3 g6 36. g4 Kg7 37. h5 d3 38. exd3 Rd4 39. Qxg6+ Qxg6 40. hxg6 Rxd3 41. Rxd3 Rxd3+ 42. Kh4 Rb3 43. Rxe6 Rxb2 44. f5 Rh2+ 45. Kg3 Rc2 46. Rxb6 Rc3+ 47. Kh4 Rxc4 48. Rb7+ Kg8 49. f6 1-0


[Site "https://www.chess.com"]

[Event "Titled Tuesday Blitz July 4 Early 2023"]
[White "Akhmedinov, Satbek"]
[Black "Demchenko, Anton"]
[WhiteFideId "13714287"]
[BlackFideId "4160258"]
[WhiteElo "2683"]
[BlackElo "2881"]
[Result "0-1"]
[Round "7"]
[TimeControl "180+2"]
[Date "2023.07.04"]
[WhiteClock "0:00:03"]
[BlackClock "0:01:23"]
[Board "26"]

1. e4 e5 2. Nf3 Nc6 3. Bc4 Nf6 4. Ng5 d5 5. exd5 Na5 6. Bb5+ c6 7. dxc6 bxc6 8. Be2 h6 9. Nh3 Bc5 10. c3 Nb7 11. O-O O-O 12. d3 Bxh3 13. gxh3 Nd6 14. Bf3 Qd7 15. Bg2 Nf5 16. b4 Bb6 17. Na3 Rad8 18. Nc4 Bc7 19. Be3 Nd5 20. Rc1 Nh4 21. Bc5 Nf4 22. Be4 Qxh3 23. Ne3 f5 24. Bxf8 fxe4 25. f3 Nxf3+ 26. Rxf3 exf3 27. Bc5 e4 28. Rc2 Nxd3 0-1


[Site "https://www.chess.com"]

[Event "Titled Tuesday Blitz July 4 Early 2023"]
[White "Taspinar, Yanki"]
[Black "Kovalenko, Igor"]
[WhiteFideId "34561188"]
[BlackFideId "14117908"]
[WhiteElo "2681"]
[BlackElo "2879"]
[Result "1-0"]
[Round "7"]
[TimeControl "180+2"]
[Date "2023.07.04"]
[WhiteClock "0:00:05"]
[BlackClock "0:00:15"]
[Board "27"]

1. Nf3 d5 2. g3 Bg4 3. Bg2 Nd7 4. d4 c6 5. O-O e6 6. c4 Bd6 7. b3 Ne7 8. Bb2 O-O 9. Nbd2 a5 10. e4 a4 11. h3 Bh5 12. Qc1 Qa5 13. Bc3 Bb4 14. Bxb4 Qxb4 15. a3 Qb6 16. b4 Bxf3 17. c5 Qb5 18. Bxf3 dxe4 19. Nxe4 Qd3 20. Kg2 Rad8 21. Rd1 Qa6 22. Nd6 Nc8 23. b5 cxb5 24. Bxb7 Qa5 25. Bxc8 Rxc8 26. Nxc8 Rxc8 27. Qf4 Nf6 28. Rac1 Nd5 29. Qd6 g6 30. c6 Qa8 31. Kg1 Rd8 32. Qc5 Nc7 33. Qb6 Qc8 34. Rc5 Rd6 35. Rdc1 Rxd4 36. R5c3 Qd8 37. Qa5 h5 38. h4 e5 39. Re3 e4 40. Rce1 f5 41. Qb6 Kh7 42. Rc3 Kh6 43. Qc5 Rd5 44. Qe3+ Kh7 45. Rec1 Rd2 46. Qa7 Kh6 47. Qe3+ Kh7 48. Kg2 Kg7 49. R3c2 Rd3 50. Qc5 Kf6 51. Rc3 Rd2 52. Qe3 Qd6 53. Qg5+ Kf7 54. R3c2 Rd3 55. Rc3 Rd2 56. Rc5 Rd4 57. Qh6 Kg8 58. R5c2 Rd3 59. Qg5 Kf7 60. Rc5 Rxa3 61. Qh6 Rd3 62. Qh7+ Kf8 63. Qh8+ Kf7 64. Re5 e3 65. Qh7+ Kf6 66. Qh8+ Kf7 67. Rcc5 exf2 68. Qh7+ Kf6 69. Qh8+ Kf7 70. Qh7+ Kf6 71. Rxf5+ gxf5 72. Rxf5+ Ke6 73. Qf7# 1-0


[Site "https://www.chess.com"]

[Event "Titled Tuesday Blitz July 4 Early 2023"]
[White "Galchenko, Matvey"]
[Black "Ahmad, Khagan"]
[WhiteFideId "24175480"]
[BlackFideId "13431552"]
[WhiteElo "2874"]
[BlackElo "2664"]
[Result "1-0"]
[Round "7"]
[TimeControl "180+2"]
[Date "2023.07.04"]
[WhiteClock "0:00:11"]
[BlackClock "0:00:00"]
[Board "28"]

1. f4 d5 2. Nf3 Nc6 3. e3 Bg4 4. Bb5 e6 5. O-O Ne7 6. b3 a6 7. Be2 Bxf3 8. Bxf3 e5 9. fxe5 Nxe5 10. Bb2 Nxf3+ 11. Qxf3 f6 12. Nc3 Qd7 13. Qh5+ g6 14. Qh4 Bg7 15. Ne2 Nf5 16. Qh3 O-O-O 17. Rf2 Nd6 18. Qxd7+ Rxd7 19. Bxf6 Bxf6 20. Rxf6 Ne4 21. Rf4 Nxd2 22. Rd1 Ne4 23. c4 g5 24. Rf5 dxc4 25. Rxd7 Kxd7 26. bxc4 Nd6 27. Rd5 c6 28. Rxg5 Nxc4 29. Rg7+ Kc8 30. e4 Re8 31. Nc3 h5 32. Rh7 Nd6 33. Rxh5 Nxe4 34. Na4 b5 35. Nb2 c5 36. a4 Rd8 37. Re5 Rd2 38. Rxe4 Rxb2 39. axb5 axb5 40. h4 c4 41. Re5 Kb7 42. h5 Kb6 43. h6 Ra2 44. Re6+ Kc5 45. Re8 Ra7 46. g4 Kb4 47. g5 c3 48. Rc8 Ra6 49. h7 Rg6 50. h8=Q Rxg5+ 51. Kf2 1-0


[Site "https://www.chess.com"]

[Event "Titled Tuesday Blitz July 4 Early 2023"]
[White "Ter-Sahakyan, Samvel"]
[Black "Komov, Roman"]
[WhiteFideId "13302531"]
[BlackFideId "24175714"]
[WhiteElo "2869"]
[BlackElo "2640"]
[Result "1-0"]
[Round "7"]
[TimeControl "180+2"]
[Date "2023.07.04"]
[WhiteClock "0:00:07"]
[BlackClock "0:00:02"]
[Board "29"]

1. d4 Nf6 2. c4 e6 3. Nf3 d5 4. Nc3 Bb4 5. Bg5 Nbd7 6. e3 c5 7. cxd5 exd5 8. Bd3 c4 9. Bc2 Qa5 10. O-O O-O 11. Rc1 Re8 12. Bf4 Bxc3 13. bxc3 Ne4 14. Bxe4 dxe4 15. Nd2 Qd5 16. f3 exf3 17. e4 Qc6 18. Qxf3 f6 19. a4 b6 20. Qg3 Bb7 21. Ra1 Kh8 22. h3 Rad8 23. a5 b5 24. Bc7 Rc8 25. Bd6 a6 26. Bb4 Nf8 27. Rae1 Qd7 28. Re2 Ne6 29. Qg4 Rcd8 30. Rfe1 Bc8 31. Kh1 Bb7 32. Nf3 Kg8 33. e5 Bxf3 34. Qxf3 Ng5 35. Qg3 Qf7 36. exf6 Rxe2 37. Rxe2 Qxf6 38. Kh2 h6 39. Be7 Qf1 40. Re1 Qf7 41. Bxd8 Qd7 42. Bxg5 b4 43. Bxh6 1-0


[Site "https://www.chess.com"]

[Event "Titled Tuesday Blitz July 4 Early 2023"]
[White "Molina, Roberto Junio Brito"]
[Black "Gavrilov, Maxim"]
[WhiteFideId "2109450"]
[BlackFideId "24271454"]
[WhiteElo "2862"]
[BlackElo "2579"]
[Result "0-1"]
[Round "7"]
[TimeControl "180+2"]
[Date "2023.07.04"]
[WhiteClock "0:01:05"]
[BlackClock "0:00:46"]
[Board "30"]

1. e4 c5 2. Nf3 d6 3. d4 cxd4 4. Nxd4 Nf6 5. Nc3 a6 6. f3 e5 7. Nb3 Be6 8. Be3 Be7 9. Qd2 O-O 10. O-O-O Nbd7 11. g4 b5 12. g5 b4 13. Ne2 Ne8 14. f4 a5 15. f5 a4 16. Nbd4 exd4 17. Nxd4 b3 18. Kb1 bxc2+ 19. Nxc2 Bb3 20. axb3 axb3 21. Na3 Ne5 22. h4 Ra5 23. Qc3 Qa8 24. Bg2 Nc7 25. f6 Nb5 26. Qxb3 Nxa3+ 27. bxa3 Rb8 28. Bb6 Rxa3 29. Qb2 Bd8 30. Rxd6 Bxb6 31. Rxb6 Rxb6 32. Qxb6 Ra1+ 33. Kc2 Ra2+ 34. Kc3 Rxg2 35. Rd1 Rg3+ 36. Kd4 Nc6+ 37. Kc5 Rc3+ 38. Kd6 Qf8+ 39. Kd5 Qe8 40. Kd6 Qe6+ 41. Kc7 Na5+ 0-1


[Site "https://www.chess.com"]

[Event "Titled Tuesday Blitz July 4 Early 2023"]
[White "Kononenko, Dmitry"]
[Black "Nakamura, Hikaru"]
[WhiteFideId "14113538"]
[BlackFideId "2016192"]
[WhiteElo "2622"]
[BlackElo "3145"]
[Result "0-1"]
[Round "7"]
[TimeControl "180+2"]
[Date "2023.07.04"]
[WhiteClock "0:00:00"]
[BlackClock "0:01:13"]
[Board "31"]

1. d4 Nf6 2. c4 g6 3. g3 Bg7 4. Nf3 O-O 5. Bg2 d6 6. O-O Nc6 7. d5 Na5 8. Nfd2 c5 9. Nc3 a6 10. a4 e5 11. dxe6 Bxe6 12. Qc2 d5 13. cxd5 Nxd5 14. Nxd5 Bxd5 15. e4 Be6 16. Ra3 c4 17. Re3 Rc8 18. Nb1 b5 19. axb5 axb5 20. Nc3 b4 21. Nd5 b3 22. Qe2 Nc6 23. Rd1 Nd4 24. Qf1 Nc2 25. Re2 Bxd5 26. Rxd5 Qb6 27. e5 Nb4 28. Be3 Qc7 29. Rb5 Nd3 30. Bb6 Qe7 31. Bd4 Rb8 32. Rxb8 Rxb8 33. Bd5 Rd8 34. Qg2 Nb4 35. e6 Nxd5 36. Bxg7 Kxg7 37. Qe4 c3 38. bxc3 Qxe6 0-1


[Site "https://www.chess.com"]

[Event "Titled Tuesday Blitz July 4 Early 2023"]
[White "Fisher_TheGalactic"]
[Black "Madaminov, Mukhiddin"]
[BlackFideId "14210703"]
[WhiteElo "2619"]
[BlackElo "3009"]
[Result "0-1"]
[Round "7"]
[TimeControl "180+2"]
[Date "2023.07.04"]
[WhiteClock "0:00:00"]
[BlackClock "0:00:11"]
[Board "32"]

1. Nf3 d5 2. g3 Bg4 3. Bg2 Nd7 4. O-O c6 5. d3 e5 6. e4 dxe4 7. dxe4 Bc5 8. h3 Bh5 9. Qe2 Ngf6 10. Nbd2 O-O 11. Nb3 Bb6 12. Rd1 Qe7 13. g4 Bg6 14. Nh4 Rfd8 15. Bg5 Nf8 16. Nf5 Qc7 17. Bxf6 gxf6 18. Rxd8 Rxd8 19. Rd1 Ne6 20. Rxd8+ Qxd8 21. Qd2 Qf8 22. Bf1 Bxf5 23. exf5 Nf4 24. Nc1 Qh6 25. Kh2 Qh4 26. Nd3 Nxd3 27. cxd3 Bxf2 28. Bg2 Qg3+ 29. Kh1 Be3 30. Qe2 a5 31. b3 Bc5 32. Qf1 Kg7 33. Qe2 Kh6 34. Qd2+ Be3 35. Qe2 Kg5 36. Qf3 Qe1+ 37. Bf1 Bf4 38. Kg2 Qd2+ 39. Qe2 Qc3 40. Qf3 Qb2+ 41. Qe2 Qd4 42. Qf2 Be3 43. Qf3 Bf4 44. Qf2 Qd5+ 45. Qf3 Qd7 46. Qf2 Kh6 47. Qh4+ Kg7 48. Qf2 a4 49. bxa4 Qd5+ 50. Kg1 Qa5 51. Kg2 Qxa4 52. Qe2 b5 53. Kg1 Qd4+ 54. Kh1 c5 55. Bg2 c4 56. dxc4 bxc4 57. Be4 c3 58. Bc2 Qd5+ 59. Kg1 Qxa2 60. Kf2 Qa7+ 61. Kf3 Qd4 62. Qe4 Qd2 63. Qe2 Qc1 64. Kg2 Bg5 65. Kf3 Bh4 66. Ke4 Qh1+ 67. Kd3 Be1 68. Qe3 Qd5+ 69. Ke2 Bd2 70. Qe4 Qb5+ 71. Bd3 Qb2 72. Bc2 Qc1 73. Kd3 Qf1+ 74. Qe2 Qxh3+ 75. Kc4 Kh6 76. Kd5 Kg5 77. Bd1 Qh1+ 78. Kd6 Qb7 79. Qh2 Qb6+ 80. Kd7 Qa7+ 81. Kd6 Qd4+ 82. Ke7 Be1 83. Qh5+ Kf4 84. Bc2 e4 85. Kxf7 e3 86. g5 fxg5 87. f6 Bh4 88. Qxh7 e2 89. Qf5+ Ke3 90. Qe6+ Kd2 0-1


[Site "https://www.chess.com"]

[Event "Titled Tuesday Blitz July 4 Early 2023"]
[White "Kamsky, Gata"]
[Black "Borgaonkar Akshay"]
[WhiteFideId "2000024"]
[BlackFideId "25639110"]
[WhiteElo "2989"]
[BlackElo "2619"]
[Result "1-0"]
[Round "7"]
[TimeControl "180+2"]
[Date "2023.07.04"]
[WhiteClock "0:00:47"]
[BlackClock "0:00:03"]
[Board "33"]

1. e4 c5 2. Nc3 e6 3. Nf3 Nc6 4. Bb5 Nd4 5. O-O Nxb5 6. Nxb5 a6 7. Na3 b5 8. c4 bxc4 9. Nxc4 Bb7 10. Re1 Nf6 11. d3 Be7 12. Qb3 Bc6 13. Nfe5 Bb5 14. a4 Bxc4 15. Nxc4 O-O 16. Bf4 d5 17. Nb6 Ra7 18. a5 Nh5 19. Be3 d4 20. Bd2 Bg5 21. Qc2 Bxd2 22. Qxd2 Qf6 23. g3 Qg6 24. Rac1 Rc7 25. b4 f5 26. exf5 Rxf5 27. Kh1 Rcf7 28. Rxc5 Rxc5 29. bxc5 Qf5 30. Qe2 Qxc5 31. Qxe6 Qxa5 32. Nc4 Qf5 33. f4 Qxe6 34. Rxe6 Ra7 35. Re8+ Kf7 36. Nd6+ Kf6 37. Kg2 a5 38. Kf3 g6 39. Nb5 Rb7 40. Nxd4 Ng7 41. Ra8 Rd7 42. Ra6+ Kf7 43. Ke3 Re7+ 44. Kd2 Rd7 45. Nf3 Rd5 46. Ng5+ Ke7 47. Ra7+ Kf8 48. Nxh7+ Ke8 49. Nf6+ 1-0


[Site "https://www.chess.com"]

[Event "Titled Tuesday Blitz July 4 Early 2023"]
[White "Filgueira, Hernan"]
[Black "Andreikin, Dmitry"]
[WhiteFideId "101770"]
[BlackFideId "4158814"]
[WhiteElo "2617"]
[BlackElo "2978"]
[Result "0-1"]
[Round "7"]
[TimeControl "180+2"]
[Date "2023.07.04"]
[WhiteClock "0:00:00"]
[BlackClock "0:01:25"]
[Board "34"]

1. d4 Nf6 2. Nf3 g6 3. c4 Bg7 4. Nc3 O-O 5. e4 d6 6. Be2 e5 7. O-O Nc6 8. Be3 h6 9. dxe5 Ng4 10. Bd2 Ngxe5 11. Nxe5 dxe5 12. Nd5 Nd4 13. Re1 c6 14. Nc3 Be6 15. Bf1 Qb6 16. Na4 Qc7 17. Nc5 Rad8 18. Nxe6 Nxe6 19. Qc1 h5 20. Be3 Rd7 21. c5 Rfd8 22. Bc4 Nd4 23. h3 Kh7 24. b4 f5 25. Bg5 f4 26. Bxd8 Qxd8 27. Qc3 Bh6 28. Kh2 f3 29. g3 h4 30. g4 Qf6 31. Rad1 Qf4+ 32. Kh1 Bg5 33. a4 Kh6 34. b5 Rd8 35. bxc6 bxc6 36. Qb2 a5 37. Qb6 Qf6 38. Qb7 Bf4 39. Qf7 Qxf7 40. Bxf7 Kg5 41. Rb1 Bg3 42. Red1 Bxf2 43. Rb7 Be3 44. Bc4 Kf4 45. Rf7+ Kg3 0-1


[Site "https://www.chess.com"]